 Dungeon Crawl Stone Soup version 0.30-a0-462-gd5975efbca (webtiles) character file.

Game seed: 1337854296265116151

4249 experimilk the Destroyer (level 10, 0/117 HPs)
             Began as a Red Draconian Conjurer on Dec 16, 2022.
             Was a Priest of Vehumet.
             Slain by a vampire mosquito (5 damage)
             ... on level 9 of the Dungeon on Dec 17, 2022.
             The game lasted 00:24:21 (12902 turns).

experimilk the Destroyer (Red Draconian Conjurer)  Turns: 12902, Time: 00:24:22

Health: 0/117      AC: 10    Str: 16    XL:     10   Next: 9%
Magic:  2/17       EV: 12    Int: 22    God:    Vehumet [***...]
Gold:   405        SH:  0    Dex: 10    Spells: 5/18 levels left

rFire   + . .      SeeInvis .    g - +0 whip (venom)
rCold   . . .      Faith    .    (no shield)
rNeg    . . .      Spirit   .    (body armour unavailable)
rPois   +          Reflect  .    (helmet restricted)
rElec   .          Harm     .    (no cloak)
rCorr   .          Rampage  .    o - +2 pair of gloves
Will    .....                    (no boots)
Stlth   ..........               (no amulet)
HPRegen 0.39/turn                y - +6 ring of strength
MPRegen 0.15/turn                B - ring of poison resistance

@: berserking, very quick
A: breathe fire, AC +7, unfitting armour, fire resistance 1, cold-blooded
a: Breathe Fire, Renounce Religion


You were on level 9 of the Dungeon.
You worshipped Vehumet.
Vehumet was most pleased with you.
You visited 1 branch of the dungeon, and saw 9 of its levels.
You also visited: Ossuary.

You collected 495 gold pieces.
You spent 90 gold pieces at shops.

Inventory:

Hand Weapons
 g - a +0 whip of venom (weapon)
 l - a +2 dagger of freezing
 u - a +1 vampiric short sword
 D - a +1 dagger of draining
Missiles
 M - a throwing net
Armour
 o - a +2 pair of gloves (worn)
Magical Staves
 q - a staff of cold
Jewellery
 w - a ring of ice
 y - a +6 ring of strength (left hand)
 B - a ring of poison resistance (right hand)
 J - a ring of protection from fire
Wands
 C - a wand of charming (6)
 I - a wand of digging (6)
 L - a wand of light (1)
 N - a wand of iceblast (4)
Scrolls
 a - 2 scrolls of enchant weapon
 b - 3 scrolls of immolation
 f - a scroll of noise {unknown}
 i - 4 scrolls of enchant armour
 j - 2 scrolls of fear
 k - 3 scrolls of magic mapping
 m - a scroll of silence
 p - 4 scrolls of fog
 r - 6 scrolls of teleportation
 x - 2 scrolls of poison
 A - 2 scrolls of butterflies
 F - 3 scrolls of blinking
 G - 2 scrolls of torment {unknown}
Potions
 c - a potion of haste {unknown}
 d - a potion of might
 e - a potion of cancellation {unknown}
 h - 3 potions of berserk rage
 n - a potion of flight {unknown}
 s - 2 potions of attraction
 t - a potion of lignification
 v - 4 potions of curing
 z - a potion of brilliance {unknown}
 E - a potion of mutation {unknown}
 H - a potion of resistance {unknown}
 K - a potion of magic


   Skills:
 - Level 4.0 Fighting
 - Level 1.7 Dodging
 - Level 1.7 Stealth
 + Level 4.9 Spellcasting
 * Level 13.2 Conjurations
 - Level 3.0 Translocations
 + Level 1.1 Poison Magic


You had 5 spell levels left.
You knew the following spells:

 Your Spells              Type           Power      Damage    Failure   Level
a - Magic Dart            Conj           100%       1d8       1%          1
b - Olgreb's Toxic Radia  Pois           10%        N/A       17%         4
v - Momentum Strike       Conj/Tloc      82%        3d10      1%          2
x - Iskenderun's Mystic   Conj/Tloc      41%        2d9       1%          4
z - Searing Ray           Conj           100%       2d8       1%          2

Your spell library contained the following spells:

 Spells                   Type           Power      Damage    Failure   Level
 Dazzling Flash           Conj/Hex       68%        N/A       1%          3
 Mephitic Cloud           Conj/Pois/Air  26%        N/A       1%          3
 Fulminant Prism          Conj/Hex       17%        3d11      1%          4
 Arcjolt                  Conj/Air       17%        1d27      5%          5
 Gell's Gravitas          Tloc           18%        N/A       9%          3
 Lesser Beckoning         Tloc           36%        N/A       9%          3
 Teleport Other           Tloc           18%        N/A       9%          3
 Necrotise                Necr           20%        1d5       11%         1
 Call Imp                 Summ           5%         N/A       16%         2
 Vhi's Electric Charge    Tloc/Air       22%        N/A       17%         3
 Vampiric Draining        Necr           5%         2d6       30%         3
 Agony                    Necr           5%         N/A       96%         5
 Maxwell's Capacitive Co  Air            2%         ∞         100%        8


Dungeon Overview and Level Annotations

Branches:
Dungeon (9/15)             Temple (0/1) D:5            Lair (0/5) D:8
Ossuary (visited)
    Orc: D:9-12

Altars:
Ashenzari
Dithmenos
Gozag
Hepliaklqana
Kikubaaqudgha
Nemelex Xobeh
Okawaru
Ru
Trog
Uskayaw
Vehumet
Zin
The Shining One

Shops:
D:1 (   D:7 :

Annotations:
D:7 2 transporters


Innate Abilities, Weirdness & Mutations

You can breathe blasts of fire.
Your fiery red scales are hard. (AC +7)
You cannot fit into any form of body armour.
Your flesh is heat resistant. (rF+)
You are cold-blooded and may be slowed by cold attacks.


Message History

The vampire mosquito is moderately damaged.
The vampire mosquito bites you!
* * * LOW HITPOINT WARNING * * *
The vampire mosquito draws strength from your injuries!
Unknown command.
You completely miss the vampire mosquito.
Your tail-slap misses the vampire mosquito.
The vampire mosquito is lightly damaged.
The vampire mosquito misses you.
Unknown command.
You whack the vampire mosquito!
The vampire mosquito is heavily damaged.
The vampire mosquito completely misses you. x2
Unknown command.
You barely miss the vampire mosquito.
The vampire mosquito is heavily damaged.
The vampire mosquito barely misses you.
Unknown command.
You whack the vampire mosquito!
The vampire mosquito is severely damaged.
The vampire mosquito misses you.
Unknown command.
You miss the vampire mosquito.
The vampire mosquito is severely damaged.
You have got your breath back.
The vampire mosquito bites you!
* * * LOW HITPOINT WARNING * * *
The vampire mosquito draws strength from your injuries!
The vampire mosquito bites you!
* * * LOW HITPOINT WARNING * * *
The vampire mosquito draws strength from your injuries!
You barely miss the vampire mosquito.
The vampire mosquito is moderately damaged.
The vampire mosquito barely misses you.
Unknown command.
You barely miss the vampire mosquito.
Your tail-slap misses the vampire mosquito.
The vampire mosquito is moderately damaged.
The vampire mosquito bites you.
You die...

##.# #..# #)## #)# #.#
#.# #+####
######'##### .....#
#..........# ###.....+
#..........###y@../..#
#..........'...#.....#
#....>.....#####.....#
#..........# ###+##
#..........#
####'####### #. ##


You could see a vampire mosquito.

Vanquished Creatures
  2 hornets
  A steam dragon (D:8)
  3 vampire mosquitoes (D:9)
  Menkaure (Ossuary)
  A water moccasin (D:8)
  Duvessa (D:6)
  An orc warrior (D:6)
  2 sky beasts
  2 black bears
  An ogre (D:7)
  A centaur (D:6)
  3 kobold brigands
  2 necrophages
  3 scorpions
  2 bullfrogs (D:7)
  10 wights
  Dowan (D:6)
  3 centaur zombies (Ossuary)
  A jelly (D:5)
  4 orc priests
  7 hounds
  4 iguanas
  6 orc wizards
  2 ogre zombies (Ossuary)
  6 mummies (Ossuary)
  13 gnolls
  5 adders
  2 white imps (D:6)
  An ufetubus (D:5)
  7 adder zombies (Ossuary)
  6 dart slugs
  38 orcs
  5 bats
  10 endoplasms
  2 giant cockroaches (D:1)
  10 goblins
  11 hobgoblins
  21 kobolds
  4 quokkas
  5 ball pythons
  2 frilled lizards
  2 gnoll zombies
  4 goblin zombies (Ossuary)
  3 hobgoblin zombies (Ossuary)
  6 kobold zombies (Ossuary)
  A quokka zombie (Ossuary)
  7 rats
  4 rat zombies
239 creatures vanquished.

Vanquished Creatures (collateral kills)
  An adder (D:6)
1 creature vanquished.

Vanquished Creatures (others)
  A bullfrog (D:6)
  A howler monkey (D:6)
2 creatures vanquished.

Grand Total: 242 creatures vanquished

Notes
Turn   | Place    | Note
-------+----------+-------------------------------------------
     0 | D:1      | experimilk the Draconian Conjurer began the quest for the
                  | Orb.
     0 | D:1      | Reached XP level 1. HP: 14/14 MP: 3/3
   176 | D:1      | Reached XP level 2. HP: 20/20 MP: 3/5
   179 | D:1      | Learned a level 2 spell: Searing Ray
   489 | D:1      | Found Fikkoarph's Weapon Boutique.
   937 | D:1      | Reached skill level 5 in Conjurations
  1004 | D:1      | Reached XP level 3. HP: 26/26 MP: 2/6
  2009 | D:2      | Reached XP level 4. HP: 33/33 MP: 3/7
  2183 | D:2      | Reached skill level 6 in Conjurations
  2275 | D:2      | Found a hide-covered altar of Uskayaw.
  3029 | D:3      | Found a shadowy altar of Dithmenos.
  3103 | D:3      | Identified the +1 leather armour of Restel {rCorr}
  3925 | D:3      | Reached XP level 5. HP: 38/38 MP: 1/8
  4599 | D:4      | Reached skill level 7 in Conjurations
  4802 | D:4      | Reached XP level 6. HP: 45/45 MP: 2/9
  5246 | D:4      | Found an opulent altar of Gozag.
  5443 | D:4      | Found a hazy altar of Hepliaklqana.
  5445 | D:4      | Found a faded altar of an unknown god.
  5471 | D:5      | Entered Level 5 of the Dungeon
  5475 | D:5      | Reached skill level 8 in Conjurations
  5621 | D:5      | Your scales start taking on a fiery red colour.
  5621 | D:5      | Reached XP level 7. HP: 32/50 MP: 1/10
  5621 | D:5      | Gained mutation: Your flesh is heat resistant. (rF+) [Red
                  | Draconian growth]
  5697 | D:5      | Found an ancient bone altar of Kikubaaqudgha.
  5779 | D:5      | Found a radiant altar of Vehumet.
  5780 | D:5      | Found a glowing golden altar of the Shining One.
  5784 | D:5      | Became a worshipper of Vehumet
  5790 | D:5      | Learned a level 4 spell: Iskenderun's Mystic Blast
  5815 | D:5      | Found a staircase to the Ecumenical Temple.
  5905 | D:5      | Reached skill level 9 in Conjurations
  6084 | D:5      | Found an iron altar of Okawaru.
  6584 | D:6      | Reached skill level 1 in Translocations
  6984 | D:6      | Reached XP level 8. HP: 49/57 MP: 1/12
  7207 | D:6      | Reached skill level 10 in Conjurations
  7358 | D:6      | Reached * piety under Vehumet
  7358 | D:6      | Offered knowledge of Kiss of Death by Vehumet.
  7624 | D:6      | Found a hide-covered altar of Uskayaw.
  7746 | D:6      | Noticed Duvessa
  7749 | D:6      | Noticed Dowan
  8087 | D:6      | Killed Duvessa
  8141 | D:6      | Killed Dowan
  8312 | D:6      | Reached skill level 11 in Conjurations
  8492 | D:6      | Found a bloodstained altar of Trog.
  8742 | D:7      | Found a sparkling altar of Nemelex Xobeh.
  8840 | D:7      | Found a sand-covered staircase.
  8867 | D:7      | Found Zin's Purification Station.
  8868 | D:7      | Found a glowing silver altar of Zin.
  8892 | Ossuary  | Entered an ossuary
  9040 | Ossuary  | Offered knowledge of Freeze by Vehumet.
  9054 | Ossuary  | Reached ** piety under Vehumet
  9055 | Ossuary  | Reached XP level 9. HP: 62/62 MP: 13/13
  9640 | Ossuary  | Noticed Menkaure
  9657 | Ossuary  | Killed Menkaure
  9658 | Ossuary  | Reached skill level 12 in Conjurations
  9974 | Ossuary  | Reached skill level 1 in Fighting
 10406 | D:7      | Bought a potion of curing for 90 gold pieces
 10408 | D:7      | Found Juik's Vocational Training.
 10444 | D:7      | Found a transporter.
 10444 | D:7      | Noticed a kobold demonologist
 10447 | D:7      | Noticed a kobold demonologist
 10462 | D:7      | Found a transporter.
 10956 | D:8      | Found a broken altar of Ashenzari.
 11054 | D:8      | Offered knowledge of Momentum Strike by Vehumet.
 11058 | D:8      | Learned a level 2 spell: Momentum Strike
 11094 | D:8      | Found a sacrificial altar of Ru.
 11109 | D:8      | Paralysed by a hornet for 1 turns
 11111 | D:8      | Paralysed by a hornet for 3 turns
 11687 | D:8      | Reached *** piety under Vehumet
 11900 | D:8      | Found a staircase to the Lair.
 12395 | D:9      | Reached skill level 13 in Conjurations
 12528 | D:9      | Offered knowledge of Olgreb's Toxic Radiance by Vehumet.
 12538 | D:9      | Reached XP level 10. HP: 78/78 MP: 5/17
 12836 | D:9      | Learned a level 4 spell: Olgreb's Toxic Radiance
 12886 | D:9      | Reached skill level 1 in Poison Magic
 12900 | D:9      | HP: 4/117 [vampire mosquito (8)]
 12902 | D:9      | Slain by a vampire mosquito

Illustrated notes

Levels and vault maps discovered:
D:1:      dpeg_arrival_subterranean_lakeside_camping, layout_rooms,
          serial_co_window_serial, co_window_of_opportunity_a,
          co_window_paths_a, co_window_paths_a, co_window_paths_b,
          co_window_corner_a, co_window_2corner, co_window_2corner,
          co_window_broadway_b, co_window_broadway_b, co_window_broadway_a,
          co_window_broadway_a, glass_columns_b, serial_shops, shop,
          minmay_tetromino_t4
D:2:      layout_basic, basic_altar, minmay_misc_feat_roman
D:3:      minmay_inner_zag, layout_loops_corners,
          nicolae_dithmenos_the_darkroom, supply_closet_lemuel
D:4:      layout_cave_pools, beargit_hepliaklqana_dungeon_heroes,
          mainiacjoe_overflow_alcove_2
D:5:      layout_basic, nicolae_overflow_squiral, okawaru_metal_pillars_1_2,
          amcnicky_altar_gilded, minmay_temple_entry_glass, serial_glass,
          glass_columns_a, glass_columns_c, serial_bayou_crossing
D:6:      layout_loops_ring, lemuel_tele_altar, lightli_temple_of_fire,
          minmay_pentangle, uniq_duvessa
D:7:      gammafunk_wand_slinger, layout_basic, zin_purify,
          nemelex_xobeh_ov_fountains_minmay, enter_ossuary_3,
          nicolae_shop_vocational
D:8:      layout_basic, mainiacjoe_overflow_chevrons,
          nicolae_ru_sacrificial_ziggurat, lair_entry_dummy
D:9:      layout_roguey

Skill      XL: |  1  2  3  4  5  6  7  8  9 10 |
---------------+-------------------------------+-----
Conjurations   | 5 6 7 8 9 11 13 | 13.2
Translocations | 2 3 |  3.0
Spellcasting   | 3 4 |  4.9
Fighting       | 4 |  4.0
Poison Magic   | 1 |  1.1
Dodging        | |  1.7
Stealth        | |  1.7

Action                   |  1- 3 |  4- 6 |  7- 9 | 10-12 || total
-------------------------+-------+-------+-------+-------++-------
Melee: Unarmed           |     5 |       |       |       ||     5
       Tailslap          |     1 |     8 |    24 |       ||    33
       Whip              |     2 |       |    17 |    16 ||    35
       Dagger            |     1 |     7 |    99 |       ||   107
       Short sword       |       |    41 |    24 |       ||    65
       Punch             |       |     1 |     1 |       ||     2
 Cast: Magic Dart        |    77 |    86 |    84 |     2 ||   249
       Searing Ray       |     4 |    14 |    70 |     3 ||    91
       Iskenderun's Myst |       |       |     2 |     2 ||     4
       Momentum Strike   |       |       |     5 |       ||     5
 Abil: Breathe Fire      |       |       |    20 |     1 ||    21
Evoke: Wand              |       |       |     4 |     2 ||     6
  Use: Scroll            |       |     3 |    13 |       ||    16
       Potion            |       |       |     5 |     3 ||     8
 Stab: Sleeping          |       |       |     5 |       ||     5
Armor: Skin              |     2 |    15 |    90 |    15 ||   122
Dodge: Dodged            |    10 |    30 |   120 |    28 ||   188

Table legend: (Time is in decaauts)
 A = Elapsed time spent in this place.
 B = Non-inter-level travel time spent in this place.
 C = Inter-level travel time spent in this place.
 D = Time resting spent in this place.
 E = Time spent auto-exploring this place.
 F = Levels seen in this place.
 G = Mean time per level.
                   A        B        C        D        E       F      G
               +--------+--------+--------+--------+--------+-----+--------+
         Total |  12906 |  12538 |    368 |   3042 |   7774 |  10 | 1290.6 |
       Dungeon |  11711 |  11343 |    368 |   2490 |   7665 |   9 | 1301.2 |
       Ossuary |   1195 |   1195 |      0 |    552 |    109 |   1 | 1195.0 |
               +--------+--------+--------+--------+--------+-----+--------+

Top non-repeatable levels by time:
     D:6: 1935 daAuts
     D:3: 1868 daAuts
     D:1: 1563 daAuts
     D:8: 1461 daAuts
     D:5: 1326 daAuts
 Ossuary: 1195 daAuts
     D:4: 1044 daAuts
     D:7: 1002 daAuts
     D:2: 993 daAuts
     D:9: 515 daAuts
